 Dungeon Crawl Stone Soup version 0.25.0-3-gd7cc5688da (webtiles) character file.

Game seed: 6575108504941132760

33 Apogee the Grave Robber (level 3, -1/26 HPs)
             Began as a Hill Orc Necromancer on June 15, 2020.
             Killed from afar by Terence (5 damage)
             ... with a puff of flame
             ... on level 3 of the Dungeon.
             The game lasted 00:04:29 (2507 turns).

Apogee the Grave Robber (Hill Orc Necromancer)      Turns: 2507, Time: 00:04:30

Health: -1/26      AC:  4    Str: 11    XL:     3   Next: 29%
Magic:  4/5        EV: 11    Int: 15    God:
Gold:   73         SH:  5    Dex: 11    Spells: 4/5 levels left

rFire    + . .     SeeInvis .   f - +1 hand axe
rCold    + . .     Gourm    .   (no shield)
rNeg     . . .     Faith    .   e - +1 leather armour
rPois    +         Spirit   .   (no helmet)
rElec    +         Reflect  +   (no cloak)
rCorr    +         Harm     .   (no gloves)
MR       .....                  (no boots)
Stlth    +.........             j - amulet of reflection
HPRegen  0.08/turn              (no ring)
MPRegen  0.09/turn              (no ring)

@: resistant
A: no striking features
a: no special abilities


You were on level 3 of the Dungeon.
You were not hungry.

You visited 1 branch of the dungeon, and saw 3 of its levels.

You collected 73 gold pieces.

Inventory:

Hand Weapons
 f - a +1 hand axe (weapon)
Missiles
 i - 38 poisoned darts (quivered)
Armour
 a - a +0 robe
 e - a +1 leather armour (worn)
Jewellery
 j - an amulet of reflection (around neck)
Scrolls
 d - 2 scrolls of teleportation
 g - a scroll of identify
 h - a scroll of amnesia
 n - a scroll of remove curse
Potions
 m - a potion of mutation
Comestibles
 c - 8 rations
 o - 4 chunks of flesh


   Skills:
 + Level 3.7 Axes
 - Level 1.5 Dodging
 - Level 1.6 Stealth
 - Level 1.5 Spellcasting
 - Level 4.0 Necromancy


You had 4 spell levels left.
You knew the following spells:

 Your Spells              Type           Power        Failure   Level  Hunger
a - Pain                  Necr           ##..         6%          1    ##.....

Your spell library contained the following spells:

 Spells                   Type           Power        Failure   Level  Hunger
 Animate Skeleton         Necr           N/A          6%          1    ##.....
 Vampiric Draining        Necr           ##........   19%         3    ####...
 Animate Dead             Necr           N/A          52%         4    #####..
 Agony                    Necr           ##......     86%         5    ######.


Dungeon Overview and Level Annotations

Branches:
Dungeon (3/15)

Altars:

Annotations:
D:3 Terence


Message History

The orc shouts!
Terence zaps a wand.
The puff of flame hits you!
Found an escape hatch in the floor.
Terence zaps a wand.
The puff of flame hits you.
* * * LOW HITPOINT WARNING * * *
Terence says, "Rest in peace."
You aren't carrying any items that you can evoke.
It was a potion of resistance.
You feel protected.
Some of the chunks of flesh in your inventory have rotted away.
Casting: Pain (safe; 6% risk of failure)
Confirm with . or Enter, or press ? or * to list all spells.
Aiming: Pain (safe; 6% risk of failure)
Press: ? - help, Shift-Dir - straight line, f - Terence
Aim: Terence, wielding a +0 hand axe of flaming, wearing a +0 chain mail and carrying a wand of flame (8) (chance to defeat MR: 77%) Terence writhes in agony.
Terence zaps a wand.
The puff of flame hits you. You resist.
* * * LOW HITPOINT WARNING * * *
Terence zaps a wand.
The puff of flame hits you. You resist.
You die...

.....###.......# ......
....>..........## ......
...รท...)........# ......
.....##.........###########......
#'#.....................$o.o.....
#.#.####........# ######@########
..#.# #........# ### #.# ###.#
#........####.###.# #.#
#........@..@....S# #.#
#.......###.o........... #.#
#.......# #............. #.#
#.......# ###.###.......
###....... #.# #.#..... #.......#
... ........
#.......##............ #.....
#.(.......... ...


You could see Terence and an orc.

Vanquished Creatures
  2 worms (D:2)
  3 leopard geckos (D:2)
  2 bats
  3 giant cockroaches (D:2)
  2 goblins (D:2)
  3 hobgoblins
  4 frilled lizards
  3 kobolds
  3 rats
25 creatures vanquished.

Notes
Turn   | Place    | Note
-------+----------+-------------------------------------------
     0 | D:1      | Apogee the Hill Orc Necromancer began the quest for the
                  | Orb.
     0 | D:1      | Reached XP level 1. HP: 14/14 MP: 3/3
   260 | D:1      | Reached skill level 1 in Axes
   842 | D:2      | Reached XP level 2. HP: 19/20 MP: 4/4
  1433 | D:2      | Reached XP level 3. HP: 12/26 MP: 1/5
  2491 | D:3      | Noticed Terence
  2507 | D:3      | Killed from afar by Terence

Illustrated notes

Levels and vault maps discovered:
D:1:      nicolae_arrival_somewhat_less_tricky_arrival, layout_loops_cross,
          hangedman_decor_growths
D:2:      layout_rooms, first_ration
D:3:      layout_basic, uniq_terence

Skill      XL: |  1  2 |
---------------+-------+-----
Axes           | 2 3 |  3.7
Dodging        | |  1.5
Stealth        | |  1.6
Spellcasting   | |  1.5
Necromancy     | |  4.0

Action                   || total
-------------------------++-------
Melee: Hand axe          ||    95
 Cast: Pain              ||    26
  Use: Scroll            ||     9
       Potion            ||     1
 Stab: Sleeping          ||     2
  Eat: Chunk             ||     6
Armor: Leather armour    ||    29
Dodge: Dodged            ||    60
Block: Other             ||     7
